Unix NetHack Version 5.0.0-0 post-release - last build May 22 2026 02:22:16 (99d1c3b6dc4b13757aaa5824b55bdea4e1e63757,branch:main).

Game began 2026-05-21 20:05:11, ended 2026-05-22 19:35:38.

Koku, neutral female gnomish Wizard

                        .....
               --. |   .......
              ....... .........
                 ..............-     ---
                     `........(-------.-----..        .   ---
            ..................%...@........|..----- ......|.----
            ........      --......|......|.................<...-
                            ---.%-#.....####-............|......|
                               .. ----..|   -.........   |......-
                                     |..|  |.........    .......
                                     --.|  |.........    ......
                                       --  --.|......    .....
                                            -----...
                                                 --

Koku the Conjurer         St:12 Dx:12 Co:16 In:19 Wi:11 Ch:9  Neutral
Dlvl:6  $:245 HP:11(43) Pw:49(52) AC:7  Xp:5 T:3605  Burdened Blind Deaf

Latest messages:
 Tulip misses ironrat's ghost.
 Tulip misses ironrat's ghost.
 What do you want to throw? [$aflVZ or ?*] z
 In what direction? 8
 The corpse misses Iris.
 Tulip misses ironrat's ghost.
 Tulip misses ironrat's ghost.
 Where do you want to travel to?
 (For instructions type a '?')
 Tulip misses ironrat's ghost.
 Tulip misses ironrat's ghost.
 Tulip misses ironrat's ghost.
 Tulip misses ironrat's ghost.
 Iris drops an orc corpse.
 There is a grave here.
 Something is engraved here on the headstone.
 You read: "ironrat, killed by a werewolf".
 There are many objects here.
 Tulip turns to flee.
 Tulip misses ironrat's ghost.
 You miss ironrat's ghost.
 Tulip misses ironrat's ghost.
 Tulip misses ironrat's ghost.
 You miss ironrat's ghost.
 Tulip misses ironrat's ghost.
 Ironrat's ghost turns to flee.
 You are momentarily blinded by a flash of light!
 You hear a deafening roar!
 It hits!
 You feel hemmed in.
 It hits!
 It bites!
 It misses!
 It hits!
 You feel an unseen monster!
 It bites!
 It bites!
 You feel hemmed in.
 It hits!
 You feel an unseen monster!
 It bites!
 It misses!
 It bites!
 You feel feverish.
 Really quit without saving? [yn] (n) y
 Do you want your possessions identified? [ynq] (y) y
 Do you want to see your attributes? [ynq] (y) y
 Do you want an account of creatures vanquished? [ynaq] (y) y
 Do you want to see your conduct and achievements? [ynq] (y) y
 Do you want to see the dungeon overview? [ynq] (y) y

Inventory:
 Coins    ('$')
  $ - 245 gold pieces
 Weapons  (')')
  f - a +0 arrow
  l - 3 +0 crossbow bolts
  V - 6 +0 darts
  Z - 3 blessed +2 daggers
  I - a +0 dagger (weapon in right hand)
  a - a blessed +2 quarterstaff
 Armor    ('[')
  X - an uncursed +0 dwarvish iron helm
  i - an uncursed +0 orcish helm (being worn)
  E - an uncursed +0 pair of leather gloves (being worn)
  n - a cursed +0 pair of iron shoes
  b - an uncursed +0 cloak of magic resistance (being worn)
  s - an uncursed +0 dwarvish cloak
 Comestibles  ('%')
  p - 5 uncursed food rations
  y - an uncursed partly eaten food ration
 Scrolls  ('?')
  q - an uncursed scroll of remove curse
  j - an uncursed scroll of scare monster
  u - a blessed scroll of teleportation
 Potions  ('!')
  P - an uncursed potion of extra healing
  w - an uncursed potion of levitation
  h - an uncursed potion of sickness
  g - 2 uncursed potions of water
 Rings    ('=')
  d - an uncursed ring of polymorph
  e - an uncursed ring of see invisible
  t - a cursed ring of teleport control
 Wands    ('/')
  c - a wand of make invisible (0:4)
 Tools    ('(')
  F - an uncursed bag of holding containing 11 items
  O - a bag of tricks (0:5)
  r - an uncursed leash
  m - a magic marker (0:11)
  x - a +0 pick-axe
  o - an uncursed skeleton key
  W - an uncursed skeleton key
  T - an uncursed partly used tallow candle (lit)
  C - an uncursed tin opener
 Gems/Stones  ('*')
  A - 2 uncursed amber stones
  K - 2 uncursed worthless pieces of green glass
  v - an uncursed worthless piece of orange glass
  Q - an uncursed worthless piece of violet glass

Contents of the bag of holding:
  an uncursed +0 dwarvish roundshield
  an uncursed +0 elven mithril-coat
  an uncursed spellbook of blank paper
  an uncursed spellbook of cure sickness
  an uncursed spellbook of extra healing
  an uncursed spellbook of fireball
  a blessed spellbook of force bolt
  an uncursed spellbook of invisibility
  an uncursed spellbook of magic missile
  an uncursed spellbook of sleep
  an uncursed spellbook of wizard lock

Koku the Wizard's attributes:

Background:
 You were a Conjurer, a level 5 female gnomish Wizard.
 You were neutral, nominally on a mission for Thoth
 who was opposed by Ptah (lawful) and Anhur (chaotic).
 You were right-handed.
 You were in the Gnomish Mines, on level 6.
 You entered the dungeon 3605 turns ago.
 You had 174 experience points, 146 more were needed to attain level 6.

Basics:
 You had 11 out of 43 hit points.
 You had 49 out of 52 energy points (spell power).
 Your armor class was 7.
 Your wallet contained 245 zorkmids.
 Autopickup was off.

Final Characteristics:
 Your strength was 12 (limit:18/50).
 Your dexterity was 12 (limit:18).
 Your constitution was 16 (limit:18).
 Your intelligence was 19 (limit:19).
 Your wisdom was 11 (limit:18).
 Your charisma was 9 (limit:18).

Final Status:
 You were temporarily blind.
 You were deaf.
 You weren't hungry.
 You were burdened; movement was slightly slowed.
 You were wielding a dagger.
 You were unskilled in dagger.

Final Attributes:
 You were piously aligned.
 You were magic-protected.
 You were level-drain resistant.
 You had infravision.
 You were warded.
 You were a werejackal.
 You were harmed by silver.
 You survived.

Miscellaneous:
 You encountered 1 bones level.
 Total elapsed playing time was 48 minutes and 38 seconds.

Major events:
 Turn
    1: Koku the neutral female gnomish Wizard entered the dungeon
 1640: attained the rank of Conjurer (level 3)
 2781: entered the Gnomish Mines
 3605: quit

Spells:
 Name                 Level Category     Fail Retention
 force bolt             1   attack         0%   81%-90%
 magic missile          2   attack         0%   81%-90%
 sleep                  3   enchantment    1%   81%-90%
 wizard lock            2   matter        62%  76%-100%
 fireball               4   attack        75%   81%-90%
 extra healing          3   healing       87%  76%-100%
 cure sickness          3   healing       87%  76%-100%
 invisibility           4   escape       100%  76%-100%

Skills:
 Fighting Skills
   bare handed combat [Unskilled]
   riding             [Unskilled]
 Weapon Skills
   dagger             [Unskilled]
   knife              [Unskilled]
   axe                [Unskilled]
   short sword        [Unskilled]
   club               [Unskilled]
   mace               [Unskilled]
   quarterstaff       [Basic]
   polearms           [Unskilled]
   spear              [Unskilled]
   trident            [Unskilled]
   sling              [Unskilled]
   dart               [Unskilled]
   shuriken           [Unskilled]
 Spellcasting Skills
   attack spells      [Basic]
   healing spells     [Unskilled]
   divination spells  [Unskilled]
   enchantment spells [Basic]
   clerical spells    [Unskilled]
   escape spells      [Unskilled]
   matter spells      [Unskilled]

Voluntary challenges:
 Character rerolling was not enabled.
 You were vegetarian.
 You were an atheist.
 You never genocided any monsters.
 You never polymorphed an object.
 You never changed form.
 You used no wishes.
Achievements:
 You entered a shop.
 You attained the rank of Conjurer.
 You entered the Gnomish Mines.

 The Dungeons of Doom: levels 1 to 5
    Level 1: "lots of boulders and bear traps, also a cursed spellbook of turn undead"
    Level 2:
       A general store, a fountain.
    Level 3:
       A general store, a fountain.
    Level 4:
       Stairs down to The Gnomish Mines.
    Level 5:
 The Gnomish Mines: levels 5 to 6
    Level 5:
    Level 6: <- You were here.
       A grave.
       Final resting place for
          ironrat-Wiz-Hum-Mal-Neu, killed by a werewolf.


Vanquished creatures:
  a rock piercer
  a violet fungus
  a gnome leader
  a baby crocodile
  a little dog
  a floating eye
  2 kittens
  a dwarf
  a homunculus
  2 hill orcs
  3 rothes
  a giant bat
  a werejackal
  4 iguanas
  4 coyotes
  2 gas spores
  5 manes
  2 hobgoblins
  a brown mold
  a yellow mold
  a red mold
  a gnome
  5 geckos
  a jackal
  a fox
  a goblin
  3 sewer rats
  4 grid bugs
  a bat
  4 lichens
  2 kobold zombies
  8 newts
68 creatures vanquished.

No species were genocided or became extinct.

Goodbye Koku the Wizard...

You quit in The Gnomish Mines on dungeon level 6 with 1231 points,
and 245 pieces of gold, after 3605 moves.
You were level 5 with a maximum of 43 hit points when you quit.

